 Dungeon Crawl Stone Soup version 0.30.1-9-gdf580d7c3d (webtiles) character file.

Game seed: 17023430063288792170

23 Amplified the Chopper (level 2, -4/25 HPs)
             Began as an Armataur Gladiator on Sept 30, 2023.
             Slain by a gnoll
             ... wielding a +4 flail
              (9 damage)
             ... on level 2 of the Dungeon.
             The game lasted 00:00:55 (579 turns).

Amplified the Chopper (Armataur Gladiator)           Turns: 579, Time: 00:00:55

Health: -4/25      AC:  5    Str: 19    XL:     2   Next: 72%
Magic:  2/2        EV: 10    Int:  8    God:
Gold:   45         SH:  0    Dex: 11    Spells: 1/1 levels left

rFire   . . .        a - +0 war axe
rCold   + . .        (no shield)
rNeg    . . .        b - +0 leather armour
rPois   .            c - +0 helmet
rElec   .            (no cloak)
rCorr   .            (no gloves)
SInv    .            (no barding)
Will    .....        (no amulet)
Stlth   +            i - ring of protection from cold
HPRegen 0.24/turn    (no ring)
MPRegen 0.08/turn

%: roll
@: no status effects
A: large, rugged brown scales 3, deformed body, armoured tail, roll, long
tongue, awkward tongue
a: no special abilities


You were on level 2 of the Dungeon.
You visited 1 branch of the dungeon, and saw 2 of its levels.

You collected 45 gold pieces.

Inventory:

Hand Weapons
 a - a +0 war axe (weapon)
Missiles
 d - 3 throwing nets (quivered)
 e - a javelin
Armour
 b - a +0 leather armour (worn)
 c - a +0 helmet (worn)
Jewellery
 f - a +6 ring of dexterity
 i - a ring of protection from cold (left hand)
Potions
 g - a potion of mutation {unknown}
 h - a potion of resistance {unknown}
 j - a potion of curing {unknown}
 k - a potion of degeneration {unknown}


   Skills:
 * Level 2.1 Fighting
 * Level 2.6 Axes
 - Level 1.7 Throwing
 * Level 1.3 Armour
 * Level 2.4 Dodging


You had one spell level left.
You didn't know any spells.
Your spell library contained the following spells:

 Spells                   Type           Power      Damage    Failure   Level
 Ensorcelled Hibernation  Hex/Ice        0%         N/A       61%         2
 Spider Form              Tmut/Pois      0%         N/A       83%         3
 Anguish                  Hex/Necr       0%         N/A       99%         4


Dungeon Overview and Level Annotations

Branches:
Dungeon (2/15)

Altars:


Innate Abilities, Weirdness & Mutations

You are completely covered in rugged brown scales. (AC +3, +7% HP)
Armour fits poorly on your strangely shaped body.
You have a long armoured tail.
You roll when moving toward enemies. (Rampage)
Your long tongue fully drains potion bottles. (2x potion effects)
Your tongue gives you trouble enunciating. (1.5x scroll delay)


Message History

HP restored.
h - a murky black potion
Found a robe.
As you slowly read the scroll labelled NAITUA XYNN, it crumbles to dust.
You feel aware of your surroundings.
It was a scroll of magic mapping.
Found a chain mail.
A dart slug comes into view.
You roll towards the dart slug!
You hit the dart slug.
The dart slug is moderately wounded.
The dart slug closely misses you.
You hit the dart slug.
The dart slug is heavily wounded.
The dart slug launches a dart at you. The slug dart misses you.
You hit the dart slug.
You kill the dart slug!
No target in view!
Found a dagger. 2 gnolls come into view.
The gnoll shouts!
You hear a shout!
The gnoll attacks as you move away! The gnoll hits you with a +4 flail.
You closely miss the gnoll.
A rat comes into view.
The gnoll closely misses you.
You hit the gnoll.
Your tail-slap misses the gnoll.
The gnoll is lightly wounded.
The gnoll closely misses you. The gnoll hits you with a +4 flail.
You hit the gnoll.
Your tail-slap misses the gnoll.
The gnoll is moderately wounded.
The gnoll hits you with a +4 flail! The gnoll attacks as you move away!
The gnoll hits you with a +4 flail!
* * * LOW HITPOINT WARNING * * *
The gnoll shouts!
The air fills with toxic fumes!
As you slowly read the scroll labelled YPOOWORIPE, it crumbles to dust.
It was a scroll of poison.
The gnoll hits you with a +4 flail.
* * * LOW HITPOINT WARNING * * *
The gnoll hits you with a +4 flail!
You die...

#.#.# *,*,*,,* *,*#...##..
#.#.# #§#§#§§# *,*#...#*..
#.#.# #§#§#§§###+##g..#*..
#.#.# #§§§§§§§§§§.....#*..
##.#.###§§§§§§§§§§....##*..
#......#§§§§§§§§§§....# *..
####.#§#§§§§§§§§......# *,,
#....#§§§§§§§#........# *,,
##.###*#.#@###........# *,,
#.# #.#§g#####....## *,,
#.# #.##§§g.##....# **+ #.#
#.#####.§.....#****,
##.#####..[....§§§......,,,
#...............§§......,,,
##########...####§..####***
#####...# *.....,*
#.....[.# *......*


You could see 2 gnolls.

Vanquished Creatures
  2 dart slugs
  An endoplasm (D:1)
  A giant cockroach (D:1)
  A goblin (D:1)
  3 hobgoblins
  2 kobolds (D:1)
  A ball python (D:1)
  4 bats (D:1)
  A frilled lizard (D:1)
  A rat (D:1)
17 creatures vanquished.

Notes
Turn   | Place    | Note
-------+----------+-------------------------------------------
     0 | D:1      | Amplified the Armataur Gladiator began the quest for the
                  | Orb.
     0 | D:1      | Reached XP level 1. HP: 18/18 MP: 1/1
   105 | D:1      | Reached skill level 1 in Armour
   105 | D:1      | Reached XP level 2. HP: 18/25 MP: 2/2
   579 | D:2      | Slain by a gnoll

Illustrated notes

Levels and vault maps discovered:
D:1:      onia_arrival_pentagram, layout_rooms, serial_bayou_pond_b
D:2:      layout_basic, uniq_jessica, uniq_natasha

Skill      XL: |  1 |
---------------+----+-----
Fighting       | 2 |  2.1
Armour         | 1 |  1.3
Axes           | |  2.6
Throwing       | |  1.7
Dodging        | |  2.4

Action                     || total
---------------------------++-------
  Melee: War axe           ||    47
         Tailslap          ||     2
    Use: Scroll            ||     3
 Armour: Leather armour    ||    26
  Dodge: Dodged            ||    31
